 Dungeon Crawl Stone Soup version 0.25.1-2-g60ff931df9 (webtiles) character file.

Game seed: 7397394182461949883

184 pokeman the Magician (level 5, 0/29 HPs)
             Began as a Deep Elf Wizard on Oct 14, 2020.
             Succumbed to a kobold's poison
             ... on level 3 of the Dungeon.
             The game lasted 00:08:06 (2830 turns).

pokeman the Magician (Deep Elf Wizard)              Turns: 2830, Time: 00:08:06

Health: 0/29       AC:  4    Str:  4    XL:     5   Next: 36%
Magic:  4/15       EV: 11    Int: 24    God:
Gold:   123        SH:  0    Dex: 13    Spells: 5/16 levels left

rFire    . . .     SeeInvis .   m - +4 whip
rCold    . . .     Gourm    .   (no shield)
rNeg     . . .     Faith    .   e - +0 leather armour
rPois    .         Spirit   .   b - +0 hat
rElec    .         Reflect  .   (no cloak)
rCorr    .         Harm     .   (no gloves)
MR       .....                  q - +0 pair of boots
Stlth    ++........             (no amulet)
HPRegen  0.09/turn              (no ring)
MPRegen  0.14/turn              (no ring)

@: lethally poisoned (0 -> -5), berserk cooldown, slowed, very slow
A: no striking features
a: no special abilities


You were on level 3 of the Dungeon.
You were not hungry.

You visited 1 branch of the dungeon, and saw 3 of its levels.

You collected 123 gold pieces.

Inventory:

Hand Weapons
 m - a +4 whip (weapon)
Armour
 b - a +0 hat (worn)
 e - a +0 leather armour (worn)
 q - a +0 pair of boots (worn)
Scrolls
 c - a scroll of immolation {unknown}
 f - a scroll of identify {unknown}
 h - a scroll of amnesia {unknown}
 l - 4 scrolls of teleportation {unknown}
 n - 2 scrolls of remove curse {unknown}
 t - a scroll of enchant armour {unknown}
 u - a scroll of fog {unknown}
 v - a scroll of fear {unknown}
Potions
 g - a potion of degeneration {unknown}
 i - a potion of stabbing {unknown}
 j - a potion of might {unknown}
 k - a potion of curing {unknown}
 o - a potion of berserk rage
 r - a potion of mutation {unknown}
 s - 2 potions of haste {unknown}
Comestibles
 d - 9 rations


   Skills:
 - Level 1.0 Fighting
 - Level 1.0 Armour
 - Level 2.4 Dodging
 - Level 2.4 Stealth
 * Level 6.2 Spellcasting
 * Level 3.1 Conjurations
 - Level 1.1 Summonings
 - Level 1.1 Translocations
 + Level 1.2 Fire Magic
 - Level 1.1 Air Magic
 + Level 0.0 Poison Magic


You had 5 spell levels left.
You knew the following spells:

 Your Spells              Type           Power        Failure   Level  Hunger
a - Magic Dart            Conj           ###.         3%          1    None
b - Mephitic Cloud        Conj/Pois/Air  ##......     22%         3    #......
c - Call Imp              Summ           ##......     13%         2    None
d - Blink                 Tloc           N/A          13%         2    None
e - Conjure Flame         Conj/Fire      ###.....     17%         3    #......

Your spell library contained the following spells:

 Spells                   Type           Power        Failure   Level  Hunger
 Slow                     Hex            #.......     21%         2    None


Dungeon Overview and Level Annotations

Branches:
Dungeon (3/15)

Altars:
Cheibriados
Gozag
Sif Muna
Zin


Message History

You kill the bat!
* * * LOW HITPOINT WARNING * * *
You feel sick.
Things that are here:
a bat corpse; a jackal corpse
Okay, then.
Butcher a bat corpse? [(y)es/(n)o/(a)ll/(q)uit/?]
Butcher a jackal corpse? [(y)es/(n)o/(a)ll/(q)uit/?]
There isn't anything else to butcher here.
You butcher the bat corpse.
You feel a strong urge to attack something.
Things that are here:
a chunk of flesh; a bat skeleton; a jackal corpse Eat a chunk of flesh? (ye/n/q)
You eat the chunk of flesh.
This raw flesh tastes terrible.
You are too berserk!
You feel your anger nearly subside.
You are no longer berserk.
You are exhausted.
You feel yourself slow down.
You die...

#.###.# #.# #...#.#
#.##### ###.#.#
##...>.##.
#.#.######.........
#.#.##...'.........
#.#.##.###.(.......
#.#.##.#..#(###+##. .
#.#.##.##.#)###.##....
#.#.#.....#.(รท@.......
#.#.#.##########.##...
#...........# #
###.#.#####.# #.).#.#
#.###.# #. ..# # ###


There were no monsters in sight!

Vanquished Creatures
  A bullfrog zombie (D:3)
  A worker ant (D:3)
  6 adders
  A dart slug (D:2)
  2 leopard geckos
  3 orcs (D:3)
  3 giant cockroaches
  9 goblins
  4 hobgoblins
  7 jackals
  7 kobolds
  12 bats
  7 frilled lizards
  7 rats
70 creatures vanquished.

Notes
Turn   | Place    | Note
-------+----------+-------------------------------------------
     0 | D:1      | pokeman the Deep Elf Wizard began the quest for the Orb.
     0 | D:1      | Reached XP level 1. HP: 10/10 MP: 7/7
   270 | D:1      | Reached XP level 2. HP: 15/15 MP: 7/9
  1257 | D:2      | Reached skill level 5 in Spellcasting
  1310 | D:2      | Reached XP level 3. HP: 20/20 MP: 5/11
  1316 | D:2      | Learned a level 3 spell: Mephitic Cloud
  1319 | D:2      | Learned a level 2 spell: Call Imp
  1322 | D:2      | Learned a level 2 spell: Blink
  1326 | D:2      | Learned a level 3 spell: Conjure Flame
  1459 | D:2      | Reached skill level 1 in Fighting
  1459 | D:2      | Reached skill level 1 in Armour
  1475 | D:2      | Reached XP level 4. HP: 2/25 MP: 0/13
  1477 | D:2      | HP: 1/25 [bat (1)]
  1771 | D:2      | Found a snail-covered altar of Cheibriados.
  1915 | D:2      | Found a glowing silver altar of Zin.
  1915 | D:2      | Found an opulent altar of Gozag.
  2279 | D:2      | Found a shimmering blue altar of Sif Muna.
  2511 | D:3      | Reached skill level 1 in Fire Magic
  2659 | D:3      | Reached XP level 5. HP: 29/29 MP: 13/15
  2788 | D:3      | Reached skill level 6 in Spellcasting
  2788 | D:3      | Reached skill level 1 in Air Magic
  2824 | D:3      | HP: 1/29 [poisoned by a kobold]
  2830 | D:3      | Succumbed to a kobold's poison

Illustrated notes

Levels and vault maps discovered:
D:1:      nicolae_arrival_washed_ashore, layout_loops_corners
D:2:      layout_rooms, grunt_temple_overflow_gold_and_silver,
          lemuel_doored_altar, led_sif_pool
D:3:      layout_basic, first_ration, minmay_misc_feat_cross,
          uniq_crazy_yiuf_cottage, uniq_ijyb

Skill      XL: |  1  2  3  4  5 |
---------------+----------------+-----
Spellcasting   | 5 6 |  6.2
Fighting       | 1 |  1.0
Armour         | 1 |  1.0
Conjurations   | 2 3 |  3.1
Fire Magic     | 1 |  1.2
Air Magic      | 1 |  1.1
Dodging        | |  2.4
Stealth        | |  2.4
Summonings     | |  1.1
Translocations | |  1.1

Action                   |  1- 3 |  4- 6 || total
-------------------------+-------+-------++-------
Melee: Whip              |     4 |    21 ||    25
 Cast: Magic Dart        |    70 |    79 ||   149
       Conjure Flame     |       |     1 ||     1
  Use: Potion            |       |     2 ||     2
  Eat: Chunk             |     1 |     5 ||     6
Armor: Leather armour    |     9 |    19 ||    28
Dodge: Dodged            |    13 |    46 ||    59
